 Dungeon Crawl Stone Soup version 0.22-a0-897-g1b7a381375 (webtiles) character file.

185 IcyTea the Digger (level 5, -4/35 HPs)
             Began as a Demonspawn Earth Elementalist on July 31, 2018.
             Killed from afar by an orc wizard (8 damage)
             ... with a magic dart
             ... on level 3 of the Dungeon.
             The game lasted 00:10:26 (1762 turns).

IcyTea the Digger (Demonspawn Earth Elementalist)   Turns: 1762, Time: 00:10:27

Health: -4/35      AC:  3    Str:  8    XL:     5   Next: 37%
Magic:  0/9        EV: 18    Int: 18    God:
Gold:   74         SH:  0    Dex: 13    Spells: 5/9 levels left

rFire    . . .     SeeInvis .   e - +0 short sword
rCold    . . .     Gourm    .   (no shield)
rNeg     . . .     Faith    .   o - +0 leather armour
rPois    .         Spirit   .   (no helmet)
rElec    .         Reflect  .   (no cloak)
rCorr    .         Harm     .   (no gloves)
MR       .....                  (no boots)
Stlth    ++++......             (no amulet)
HPRegen  0.11/turn              l - +6 ring of evasion
MPRegen  0.11/turn              (no ring)

@: no status effects
A: nightstalker 2, sturdy frame 1
a: no special abilities


You were on level 3 of the Dungeon.
You were hungry.

You visited 1 branch of the dungeon, and saw 3 of its levels.

You collected 74 gold pieces.

Inventory:

Hand Weapons
 e - a +0 short sword (weapon)
Missiles
 b - 6 stones (quivered)
Armour
 n - a +0 shield
 o - a +0 leather armour (worn)
Jewellery
 l - a +6 ring of evasion (left hand)
Scrolls
 a - 2 scrolls of remove curse
 f - 2 scrolls of amnesia
 h - 2 scrolls of fog
 i - a scroll of blinking {unknown}
 j - 2 scrolls of identify {unknown}
 k - 2 scrolls of teleportation {unknown}
 m - a scroll of fear {unknown}
Potions
 c - a potion of curing {unknown}
 g - a potion of mutation {unknown}
Comestibles
 d - 5 rations


   Skills:
 - Level 1.7 Dodging
 - Level 1.7 Stealth
 + Level 2.9 Spellcasting
   Level 0.8 Transmutations
 - Level 5.1 Earth Magic


You had 5 spell levels left.
You knew the following spells:

 Your Spells              Type           Power        Failure   Level  Hunger
a - Sandblast             Erth           ###...       2%          1    None
b - Stone Arrow           Conj/Erth      ##....       19%         3    ###....

Your spell library contained the following spells:

 Spells                   Type           Power        Failure   Level  Hunger
 Passwall                 Tmut/Erth      ##......     8%          2    ##.....
 Lee's Rapid Deconstruct  Erth           ###.......   52%         5    ######.
 Petrify                  Tmut/Erth      ##......     45%         4    ####...


Dungeon Overview and Level Annotations

Branches:
Dungeon (3/15)

Altars:
Makhleb


Innate Abilities, Weirdness & Mutations

You are significantly more attuned to the shadows.
Your movements are slightly less encumbered by armour. (ER -2)


Message History

The orc wizard misses you.
The orc wizard mumbles some strange words.
The orc wizard blinks!
The orc wizard hits you with a dagger.
* * * LOW HITPOINT WARNING * * *
The orc wizard closely misses you.
Casting: Sandblast (safe; 2% risk of failure)
Confirm with . or Enter, or press ? or * to list all spells.
Aiming: Sandblast (safe; 2% risk of failure)
Press: ? - help, Shift-Dir - straight line, f - orc wizard
Aim: an orc wizard, wielding a dagger and wearing a robe (severely wounded, fast)
The blast of sand misses the orc wizard.
b - 6 stones The orc wizard points at you and mumbles some strange words.
The magic dart hits you!
* * * LOW HITPOINT WARNING * * *
The orc wizard gestures wildly while chanting.
The orc wizard blinks!
The orc wizard casts a spell at you. The magic dart hits you!
You die...

##### ....# #####.
....# ####...........
....#####.....##.......
..............'........
....#####.....##>......
.####.........##.......
..............##(<.....
.#.........o....@......
<......................
.........#.............
.#.......#.............
.####...)#......#......
.# #....#............
+# #....#.#........
#....#.#.......
......#.#.###..


You could see an orc wizard.

Vanquished Creatures
  An iron imp (D:2)
  Natasha (thrice) (D:2)
  3 adders (D:2)
  2 worms (D:2)
  3 dart slugs
  A leopard gecko (D:1)
  2 orcs (D:3)
  5 giant cockroaches
  4 goblins
  4 hobgoblins
  5 jackals
  5 bats
  2 frilled lizards (D:2)
  A kobold (D:2)
  7 rats
48 creatures vanquished.

Notes
Turn   | Place    | Note
-------+----------+-------------------------------------------
     0 | D:1      | IcyTea the Demonspawn Earth Elementalist began the quest for the Orb.
     0 | D:1      | Reached XP level 1. HP: 13/13 MP: 3/3
    85 | D:1      | Reached skill level 3 in Earth Magic
    92 | D:1      | Gained mutation: You are slightly more attuned to the shadows. [demonic ancestry]
    92 | D:1      | Reached XP level 2. HP: 14/19 MP: 0/5
   960 | D:2      | Gained mutation: You are significantly more attuned to the shadows. [demonic ancestry]
   960 | D:2      | Reached XP level 3. HP: 23/24 MP: 6/6
   981 | D:2      | Reached skill level 4 in Earth Magic
   986 | D:2      | Learned a level 3 spell: Stone Arrow
  1103 | D:2      | Noticed Natasha
  1107 | D:2      | Killed Natasha
  1107 | D:2      | Gained mutation: Your movements are slightly less encumbered by armour. (ER -2) [demonic ancestry]
  1107 | D:2      | Reached XP level 4. HP: 30/30 MP: 4/7
  1192 | D:2      | Noticed Natasha
  1197 | D:2      | Killed Natasha
  1197 | D:2      | Reached skill level 5 in Earth Magic
  1381 | D:2      | Found a burning altar of Makhleb.
  1389 | D:2      | Reached XP level 5. HP: 35/35 MP: 1/8
  1608 | D:2      | Noticed Natasha
  1610 | D:2      | Killed Natasha
  1762 | D:3      | Killed from afar by an orc wizard

Vault maps used:
D:1:      scummos_arrival_star, serial_glass, glass_columns_a, glass_columns_a
D:2:      makhleb_grotto_becter, first_ration, uniq_natasha
D:3:      marbit_many_paths, kennysheep_slug_shrine,
          ashenzari_conservatory_becter, hellmonk_ghost_happy_afterlife,
          nemelex_spade_bored_becter

Skill      XL: |  1  2  3  4 |
---------------+-------------+-----
Earth Magic    | 3 4 5 |  5.1
Dodging        | |  1.7
Stealth        | |  1.7
Spellcasting   | |  2.9
Transmutations | |  0.8

Action                   |  1- 3 |  4- 6 || total
-------------------------+-------+-------++-------
Melee: Short sword       |    58 |    33 ||    91
 Cast: Sandblast         |    19 |    26 ||    45
       Stone Arrow       |       |     5 ||     5
  Use: Scroll            |     5 |       ||     5
 Stab: Sleeping          |     5 |     2 ||     7
  Eat: Chunk             |     1 |     2 ||     3
Armor: Robe              |    17 |       ||    17
       Leather armour    |       |     2 ||     2
Dodge: Dodged            |    54 |    48 ||   102

Table legend:
 A = Spawn XP
 B = Non-spawn XP
 C = Spawn XP percentage of total XP
 D = Spawn monster count
 E = Non-spawn monster count
 F = Spawn count percentage of total count
 G = Total turns spent on level
                    A         B        C        D         E        F      G
               +---------+---------+-------+---------+---------+-------+---------
         Total |       0 |     265 |   0.0 |       0 |      48 |   0.0 |  1762
               +---------+---------+-------+---------+---------+-------+---------
           D:1 |       0 |      40 |   0.0 |       0 |      21 |   0.0 |   997
           D:2 |       0 |     217 |   0.0 |       0 |      24 |   0.0 |   680
           D:3 |       0 |       8 |   0.0 |       0 |       3 |   0.0 |    85
               +---------+---------+-------+---------+---------+-------+---------
